 Dungeon Crawl Stone Soup version 0.30-a0-39-g42789b21ef (webtiles) character file.

Game seed: 1978295424111118417

55 ytrimaz the Sneak (level 3, -9/34 HPs)
             Began as an Octopode Transmuter on Aug 29, 2022.
             Killed from afar by a white imp (11 damage)
             ... with a puff of frost
             ... on level 3 of the Dungeon.
             The game lasted 00:01:50 (2215 turns).

ytrimaz the Sneak (Octopode Transmuter)             Turns: 2215, Time: 00:01:50

Health: -9/34      AC: 21    Str:  9    XL:     3   Next: 93%
Magic:  4/6        EV:  2    Int: 17    God:
Gold:   128        SH:  0    Dex: 12    Spells: 0/6 levels left

rFire   . . .      SeeInvis .      - Unarmed
rCold   . . .      Faith    .    (no shield)
rNeg    . . .      Spirit   .    (helmet currently unavailable)
rPois   +          Reflect  .    (no amulet)
rElec   .          Harm     .    j - ring of flight
rCorr   .          Rampage  .    (no ring)
Will    .....      NoTele   +    (no ring)
Stlth   ++........               (no ring)
HPRegen 0.11/turn                (no ring)
MPRegen 0.10/turn                (no ring)
                                 (no ring)
                                 (no ring)

@: tree-form, hasted, very quick
A: stationary, stasis, torment immunity, boosted hp, almost no armour,
(amphibious), 8 rings, (camouflage 1), (gelatinous body 1), (nimble swimmer 1),
(tentacles)
a: no special abilities


You were on level 3 of the Dungeon.
You were a tree.
You visited 1 branch of the dungeon, and saw 3 of its levels.

You collected 128 gold pieces.

Inventory:

Jewellery
 j - a ring of flight (left branch)
Wands
 b - a wand of iceblast (5)
Scrolls
 d - 2 scrolls of blinking
 g - a scroll of butterflies
Potions
 e - a potion of mutation
 f - 2 potions of curing {unknown}
 i - a potion of heal wounds {unknown}


   Skills:
 - Level 1.0 Fighting
 - Level 2.0 Dodging
 - Level 4.0 Stealth
 - Level 3.0 Unarmed Combat
 + Level 2.2 Spellcasting
 + Level 2.2 Transmutations
 * Level 1.4 Poison Magic


You couldn't memorise any spells.
You knew the following spells:

 Your Spells              Type           Power      Damage    Failure   Level
a - Beastly Appendage     Tmut           18%        N/A       8%          1
b - Wereblood             Tmut           9%         N/A       12%         2
c - Spider Form           Tmut/Pois      8%         N/A       26%         3

Your spell library contained the following spells:

 Spells                   Type           Power      Damage    Failure   Level
 Passwall                 Tmut/Erth      4%         N/A       19%         2
 Ensorcelled Hibernation  Hex/Ice        2%         N/A       28%         2
 Portal Projectile        Hex/Tloc       2%         N/A       50%         3
 Swiftness                Air            1%         N/A       50%         3
 Tukima's Dance           Hex            1%         N/A       50%         3
 Ice Form                 Ice/Tmut       5%         N/A       77%         4
 Passage of Golubria      Tloc           1%         N/A       88%         4
 Blade Hands              Tmut           4%         N/A       91%         5
 Yara's Violent Unravell  Hex/Tmut       2%         3d3       98%         5


Dungeon Overview and Level Annotations

Branches:
Dungeon (3/15)

Altars:
Elyvilon


Innate Abilities, Weirdness & Mutations

You are a tree.
Your roots penetrate the ground, keeping you stationary.
You cannot be teleported.
You are immune to unholy pain and torment.
Your maximum health is greatly increased.
You cannot wear most types of armour.
((You are amphibious.))
You can wear up to eight rings at the same time.
((Your skin changes colour to match your surroundings (Stealth+).))
((Your rubbery body absorbs attacks. (AC +1, EV +1)))
((You are camouflaged when in or above water. (Stealth+)))
((You have tentacles for arms and can constrict up to eight enemies at once.))


Message History

The white imp completely misses you.
Unknown command.
You hit the white imp but do no damage.
You feel sick.
The white imp shouts, "Go and return not, thou paunchy crook-pated whip-jack!"
The white imp completely misses you.
You hit the white imp.
The white imp is lightly wounded.
Your transformation is almost over.
You feel sick. The white imp misses you.
You hit the white imp but do no damage.
The white imp is lightly wounded.
You feel sick. The white imp hits you.
* * * LOW HITPOINT WARNING * * *
The white imp freezes you.
* * * LOW HITPOINT WARNING * * *
You barely miss the white imp.
The white imp is lightly wounded.
* * * LOW HITPOINT WARNING * * *
You feel sick.
You are no longer poisoned.
The white imp hits you but does no damage.
Unknown command.
Really quaff the potion of lignification?
Your transformation has ended.
You turn into a tree.
Your roots penetrate the ground.
The white imp gestures at you.
The puff of frost hits you but does no damage.
You barely miss the white imp.
The white imp is lightly wounded.
The white imp hits you but does no damage.
You hit the white imp but do no damage.
The white imp is lightly wounded.
The white imp hits you but does no damage.
You hit the white imp.
The white imp is heavily wounded.
The white imp hits you but does no damage.
It was a potion of haste.
You feel yourself speed up. The white imp gestures at you.
The puff of frost hits you!
You die...

..........###+###
.................
.................
.................
#...............#
########'#......#
.# #w#5.....#.♣.
#5#......#...
#♣#......##.#
#.#.......#.#
#.######.##.##
#.##...###...###).
#....♣....._.....♣
#.##...###...###..
#.###### ##.## ###
#.# #.# ..## #.#
..###.##


You could see a worm and a white imp.

Vanquished Creatures
  An adder (D:3)
  2 worms (D:2)
  2 dart slugs
  2 orcs (D:3)
  3 ball pythons
  3 endoplasms
  A giant cockroach (D:1)
  3 goblins (D:1)
  4 hobgoblins (D:1)
  4 kobolds
  A quokka (D:2)
  A bat (D:1)
  3 frilled lizards
  4 rats
34 creatures vanquished.

Notes
Turn   | Place    | Note
-------+----------+-------------------------------------------
     0 | D:1      | ytrimaz the Octopode Transmuter began the quest for the
                  | Orb.
     0 | D:1      | Reached XP level 1. HP: 13/13 MP: 3/3
   119 | D:1      | Reached skill level 1 in Stealth
   328 | D:1      | Reached skill level 2 in Stealth
   493 | D:1      | Reached XP level 2. HP: 18/18 MP: 3/5
   689 | D:1      | Reached skill level 3 in Stealth
  1172 | D:1      | Reached XP level 3. HP: 23/23 MP: 4/6
  1175 | D:1      | Learned a level 2 spell: Wereblood
  1179 | D:1      | Learned a level 3 spell: Spider Form
  1616 | D:2      | Reached skill level 4 in Stealth
  2070 | D:3      | Reached skill level 1 in Poison Magic
  2165 | D:3      | Found a white marble altar of Elyvilon.
  2210 | D:3      | HP: 1/23 [poisoned by an adder]
  2215 | D:3      | Killed from afar by a white imp

Illustrated notes

Levels and vault maps discovered:
D:1:      dpeg_arrival_morbid_curiosity, layout_basic, minivault_25
D:2:      layout_loops_ring
D:3:      layout_basic, elyvilon_altar_1, uniq_grinder

Skill      XL: |  1  2  3 |
---------------+----------+-----
Stealth        | 2 3 4 |  4.0
Poison Magic   | 1 |  1.4
Fighting       | |  1.0
Dodging        | |  2.0
Unarmed Combat | |  3.0
Spellcasting   | |  2.2
Transmutations | |  2.2

Action                   || total
-------------------------++-------
Melee: Unarmed           ||    78
       Kick              ||    21
       Constrict         ||    19
       Tentacles         ||    14
 Cast: Beastly Appendage ||    23
       Spider Form       ||     2
  Use: Scroll            ||     5
       Potion            ||     2
 Stab: Sleeping          ||     9
Armor: Skin              ||     8
Dodge: Dodged            ||    51

Table legend: (Time is in decaauts)
 A = Elapsed time spent in this place.
 B = Non-inter-level travel time spent in this place.
 C = Inter-level travel time spent in this place.
 D = Time resting spent in this place.
 E = Time spent auto-exploring this place.
 F = Levels seen in this place.
 G = Mean time per level.
                   A        B        C        D        E       F      G
               +--------+--------+--------+--------+--------+-----+--------+
         Total |   2210 |   2188 |     22 |      0 |   1848 |   3 |  736.7 |
       Dungeon |   2210 |   2188 |     22 |      0 |   1848 |   3 |  736.7 |
               +--------+--------+--------+--------+--------+-----+--------+

Top non-repeatable levels by time:
     D:1: 1235 daAuts
     D:2: 815 daAuts
     D:3: 159 daAuts
